cohdb
Replays
Latest Replays
All Replays
Popular Replays
Top Player Replays
Match Explorer
How It Works
Community
CoH3 Stats
Reddit
Sign in to upload your games and track your stats! →
Sign in with Steam
Reakly vs Oziligath
Match 19573971
Overview
Messages
Build Orders
End
Construct Barracks
Selects Armored Battlegroup
Selects Assault Engineers
Riflemen Squad
Riflemen Squad
Riflemen Squad
Grenade Package
Construct Medical Station
M1 Mortar Team
Selects Fast Deploy
Infantry Support Center
Construct Motor Pool
M8 Greyhound Armored Car
Assault Engineer Squad
Selects M8 Scott SPG
M1918 Browning Automatic Rifles
M1 Anti-tank Gun Team
M24 Chaffee Light Tank
Munitions Surplus
M1 Anti-tank Gun Team
Construct Tank Depot
Selects UNKNOWN (2160077)
Selects Field Repairs
Selects War Machine
M4A3E8 Sherman Easy Eight
Assault Engineer Squad
M4A3E8 Sherman Easy Eight
Demolitions Package
Riflemen Squad
Riflemen Squad
Assault Engineer Squad
Reakly
Oziligath
0
0
Comments
sign in to comment!
No comments posted yet!